[Event "Team 45 45 League T54"]
[Site "Internet Chess Club"]
[Date "2012.08.15"]
[Round "1"]
[White "Iowa-Archer"]
[Black "dabodhi"]
[Result "0-1"]
[WhiteElo "1412"]
[BlackElo "1320"]
[Opening "Scandinavian defense"]
[ECO "B01"]
[Time "19:01:39"]
[TimeControl "2700+45"]

1. e4 d5 2. exd5 Nf6 3. Bb5+ Bd7 4. Bc4 b5 5. Bb3 a5 6. a4 bxa4 7. Bc4 c6 8.
dxc6 Nxc6 9. Nf3 Bg4 10. h3 Bh5 11. O-O e5 12. d3 Bc5 13. Bb5 Qd6 14. g4 Bg6 15.
Nxe5 Rc8 16. Bxc6+ Rxc6 17. Nxc6 Qxc6 18. Qe2+ Be7 19. Nc3 Qd6 20. Rxa4 O-O 21.
Rxa5 Bd8 22. Re5 Bc7 23. Bf4 Qc6 24. g5 Nh5 25. Bg3 Bb6 26. Re1 Nxg3 27. Kh2
Nxe2 28. R1xe2 Bd4 29. Nd5 Qd6 30. Ne7+ Kh8 31. Nxg6+ fxg6 32. f4 Bxe5 33. fxe5
Qd5 34. e6 Qd6+ 35. Kg2 Re8 36. Rf2 h5 37. gxh6 gxh6 38. Rf6 Rxe6 39. Rxe6 Qxe6
40. Kf2 Qxh3 41. c4 Qh2+ 42. Ke3 Qxb2 43. d4 Qb3+ 44. Ke4 Qxc4 45. Ke5 g5 46. d5
Kg8 47. d6 Kf8 48. d7 Ke7 {White resigns} 0-1

[Event "Team 45 45 League T54"]
[Site "Internet Chess Club"]
[Date "2012.08.16"]
[Round "1"]
[White "carolinaknight"]
[Black "semperfi"]
[Result "0-1"]
[WhiteElo "1184"]
[BlackElo "1286"]
[Opening "French defense"]
[ECO "C00"]
[Time "20:00:32"]
[TimeControl "2700+45"]

1. e4 e6 2. Nf3 d5 3. exd5 exd5 4. Nc3 Nf6 5. Bb5+ Bd7 6. Ba4 Bxa4 7. Nxa4 c5 8.
Nxc5 Bxc5 9. d4 Bd6 10. O-O O-O 11. h3 Nc6 12. c3 Qc7 13. g3 Qd7 14. Bg5 Ne4 15.
Be3 Qxh3 16. Qb3 Qf5 17. Kg2 b6 18. Nh4 Qe6 19. Rh1 Nxg3 20. Rh2 Qe4+ 21. Kg1
Ne2+ 22. Kf1 Bxh2 {White resigns} 0-1

[Event "Team 45 45 League T54"]
[Site "Internet Chess Club"]
[Date "2012.08.18"]
[Round "1"]
[White "RobertBuice"]
[Black "wekabird"]
[Result "1-0"]
[WhiteElo "1053"]
[BlackElo "1080"]
[Opening "QGD semi-Slav"]
[ECO "D43"]
[Time "20:00:12"]
[TimeControl "2700+45"]

1. d4 d5 2. c4 c6 3. Nc3 e6 4. Nf3 Nf6 5. Bg5 Be7 6. e3 O-O 7. Bd3 dxc4 8. Bxc4
b5 9. Bd3 b4 10. Ne4 Ba6 11. Bxa6 Nxa6 12. Qd3 Nc7 13. Rc1 Qe8 14. O-O Ncd5 15.
Rc4 Nxe4 16. Qxe4 Bxg5 17. Nxg5 g6 18. Rfc1 Rc8 19. h4 h6 20. Nf3 Qd7 21. a4
bxa3 22. bxa3 Qb7 23. Rb1 Qa6 24. Ne5 f5 25. Qd3 Nf6 26. Nxg6 Rf7 27. Nf4 Ne4
28. Qc2 Nd6 29. Rc5 Rf6 30. Qe2 Qxa3 31. Qf3 Ne4 32. Rb7 Nxc5 33. dxc5 Qc1+ 34.
Kh2 Qxc5 35. Qg3+ Kf8 36. Qg7+ Ke8 37. Qd7+ Kf8 38. Qxc8# {Black checkmated} 1-0

[Event "Team 45 45 League T54"]
[Site "Internet Chess Club"]
[Date "2012.08.19"]
[Round "1"]
[White "Cicero"]
[Black "joshq03"]
[Result "0-1"]
[WhiteElo "1330"]
[BlackElo "1412"]
[Opening "Queen's pawn game"]
[ECO "D04"]
[Time "15:00:21"]
[TimeControl "2700+45"]

1. d4 d5 2. Nf3 Nf6 3. e3 Bf5 4. Nbd2 e6 5. Nh4 c5 6. Nxf5 exf5 7. c3 Nc6 8. Bd3
Qd7 9. Nf3 Bd6 10. Nh4 Ne7 11. Nf3 Nc6 12. Qc2 g6 13. Bd2 c4 14. Be2 O-O 15. b3
b5 16. O-O Ne4 17. Bc1 Qc7 18. b4 Rfe8 19. a4 a6 20. Bb2 Rab8 21. Rfd1 Re6 22.
axb5 axb5 23. Ne5 Nxe5 24. dxe5 Rxe5 25. f4 Ree8 26. Rxd5 Qb6 27. Bc1 Bxf4 28.
Kf1 Bxe3 29. Bf3 Bg1 30. Bxe4 Rxe4 31. Bh6 Be3 32. Bxe3 Qxe3 33. g3 Qf3+ 34. Qf2
Qxc3 35. Rad1 Qxb4 36. Rd8+ Rxd8 37. Rxd8+ Kg7 38. Qa7 Qe1+ 39. Kg2 Qe2+ 40. Kg1
Qe1+ 41. Kg2 Re2+ 42. Kh3 Qf1+ 43. Kh4 Re4+ 44. g4 Rxg4# {White checkmated} 0-1

[Event "Team 45 45 League T54"]
[Site "Internet Chess Club"]
[Date "2012.08.19"]
[Round "1"]
[White "IPWN"]
[Black "arconia"]
[Result "0-1"]
[WhiteElo "1125"]
[BlackElo "1318"]
[Opening "Queen's pawn game"]
[ECO "E00"]
[Time "14:00:27"]
[TimeControl "2700+45"]

1. d4 Nf6 2. c4 e6 3. a3 Be7 4. Nc3 a6 5. Nf3 d6 6. e4 c5 7. d5 O-O 8. Bd3 Nbd7
9. b4 h6 10. O-O Nh7 11. Qc2 e5 12. Be3 Ndf6 13. h3 Nh5 14. bxc5 Ng5 15. Bxg5
Bxg5 16. cxd6 Qxd6 17. Nxg5 hxg5 18. Na4 b6 19. c5 bxc5 20. Nxc5 Qf6 21. Rab1
Nf4 22. Bc4 g4 23. Rb3 gxh3 24. gxh3 Nxh3+ 25. Kh1 Qh4 26. Qc3 Nxf2+ 27. Kg1
Nh3+ 28. Kg2 Nf4+ 29. Kg1 g5 30. Qxe5 Qg4+ 31. Kf2 Qh4+ 32. Ke3 Ng2+ 33. Ke2
Bg4+ 34. Kd3 Nf4+ 35. Kd4 Bh3 36. Rg1 Qf2+ 37. Kc3 Qxg1 38. Kb4 Qe1+ 39. Ka4 Qg1
40. Nd7 Bxd7+ 41. Kb4 a5+ 42. Kc3 Qe1+ 43. Kd4 Qg1+ 44. Kc3 Qe3+ 45. Kc2 Qf2+
46. Kc3 Qe1+ 47. Kd4 Qg1+ 48. Kc3 Rac8 49. Qd4 Ne2+ {White resigns} 0-1

[Event "Team 45 45 League T54"]
[Site "Internet Chess Club"]
[Date "2012.08.15"]
[Round "1"]
[White "lawth3"]
[Black "mc9999"]
[Result "1-0"]
[WhiteElo "1260"]
[BlackElo "1176"]
[Opening "QGD Slav: 3.Nf3"]
[ECO "D11"]
[Time "17:01:05"]
[TimeControl "2700+45"]

1. d4 d5 2. c4 c6 3. Nf3 e6 4. Nc3 Bb4 5. Bd2 dxc4 6. a3 Ba5 7. e3 b5 8. a4 a6
9. g3 Nf6 10. Bg2 Nbd7 11. O-O Bb7 12. Qc2 Bb6 13. Rfe1 O-O 14. e4 e5 15. dxe5
Nh5 16. g4 Re8 17. gxh5 Rxe5 18. Nxe5 Nxe5 19. Be3 Nd3 20. Re2 Bxe3 21. Rxe3 Qg5
22. Rg3 Qxh5 23. Qe2 Qe5 24. b3 Qxc3 25. Rb1 Nc1 26. Qb2 Qxb2 27. Rxb2 Re8 28.
bxc4 c5 29. axb5 Bxe4 30. Bxe4 Rxe4 31. b6 Ne2+ 32. Kg2 Re8 33. Re3 Nf4+ 34. Kf3
Ne6 35. b7 Rb8 36. Rb6 a5 37. Ra3 Nd4+ 38. Ke4 Rc8 39. bxc8=Q# {Black
checkmated} 1-0

[Event "Team 45 45 League T54"]
[Site "Internet Chess Club"]
[Date "2012.08.16"]
[Round "1"]
[White "kjs110"]
[Black "chips"]
[Result "0-1"]
[WhiteElo "981"]
[BlackElo "1247"]
[Opening "Scandinavian (center counter) defense"]
[ECO "B01"]
[Time "21:00:43"]
[TimeControl "2700+45"]

1. e4 d5 2. d3 dxe4 3. dxe4 Qxd1+ 4. Kxd1 Nf6 5. Nc3 Ng4 6. f3 Nf2+ 7. Ke1 Nxh1
8. Bg5 h6 9. Bf4 c6 10. Bc4 e6 11. Nge2 Bc5 12. Nd1 O-O 13. c3 Nd7 14. b4 Bb6
15. Bd6 Re8 16. Kf1 Nf6 17. g4 a5 18. Kg2 axb4 19. cxb4 Nh7 20. Kxh1 Ng5 21. Kg2
Bd8 22. h4 Nh7 23. Kg3 Nf6 24. e5 Nd7 25. a4 Nb6 26. Bd3 Rxa4 27. Rxa4 Nxa4 28.
Bc2 Nb6 29. Ne3 Be7 30. Bc7 Nd5 31. Nxd5 exd5 32. Nd4 Bxb4 33. Nf5 Bxf5 34. gxf5
c5 35. Ba4 Ra8 36. Bb5 d4 37. e6 fxe6 38. fxe6 c4 39. Bxc4 Be7 40. Bd5 d3 41.
Bxb7 Ra7 42. Bd8 Rxb7 {White resigns} 0-1

[Event "Team 45 45 League T54"]
[Site "Internet Chess Club"]
[Date "2012.08.17"]
[Round "1"]
[White "badmove"]
[Black "LittleButton"]
[Result "1/2-1/2"]
[WhiteElo "1777"]
[BlackElo "1766"]
[Opening "Trompowsky attack (Ruth, Opocenský opening)"]
[ECO "A45"]
[Time "17:21:44"]
[TimeControl "2700+45"]

1. d4 Nf6 2. Bg5 c5 3. Bxf6 exf6 4. d5 f5 5. e3 a6 6. c3 d6 7. Nh3 Nd7 8. a4 b6
9. Nd2 Bb7 10. Qf3 g6 11. e4 Qe7 12. Be2 fxe4 13. Qxe4 Qxe4 14. Nxe4 Bxd5 15.
Bf3 Bxe4 16. Bxe4 O-O-O 17. O-O Bg7 18. Rad1 Nf6 19. Bd3 Kb7 20. Ng5 Rd7 21. Ne4
d5 22. Nxf6 Bxf6 23. Be4 Rhd8 24. Bf3 Kc7 25. g3 d4 26. cxd4 Rxd4 27. b3 Rxd1
28. Rxd1 {Game drawn by mutual agreement} 1/2-1/2

[Event "Team 45 45 League T54"]
[Site "Internet Chess Club"]
[Date "2012.08.24"]
[Round "1"]
[White "Skeptic1972"]
[Black "ILRE"]
[Result "0-1"]
[WhiteElo "1643"]
[BlackElo "1562"]
[Opening "Scandinavian: Pytel-Wade variation"]
[ECO "B01"]
[Time "14:54:31"]
[TimeControl "2700+45"]

1. e4 d5 2. exd5 Qxd5 3. Nc3 Qd6 4. g3 Nf6 5. Bg2 c6 6. d4 Bg4 7. Nf3 e6 8. O-O
Be7 9. a3 Qc7 10. Bf4 Bd6 11. Bxd6 Qxd6 12. Re1 O-O 13. Qd2 Nbd7 14. Ne4 Nxe4
15. Rxe4 Nf6 16. Ree1 Rfd8 17. Rad1 h6 18. h3 Bxf3 19. Bxf3 Qc7 20. Qe3 Rac8 21.
g4 Qb6 22. b3 Nd5 23. Bxd5 cxd5 24. Rd2 Qd6 25. a4 Qb4 26. g5 Rc3 27. Rd3 Rxd3
28. cxd3 hxg5 29. Rb1 Rc8 30. Qxg5 Qxd4 31. Rc1 Rxc1+ 32. Qxc1 Qb6 33. Qc8+ Kh7
34. Qe8 Kg6 35. Qb8 Kh7 36. Kg2 Qxb3 37. Qxa7 Qxd3 38. Qxb7 Qe4+ 39. Kh2 Qe5+
40. Kg2 Qe4+ 41. Kh2 Qxa4 42. Qxf7 Qc6 43. Qe7 Qb6 44. Qf7 Qd6+ 45. Kg2 Qe5 46.
f4 Qe4+ 47. Kg3 Qg6+ 48. Qxg6+ Kxg6 49. Kf3 Kh5 50. Ke3 Kh4 51. Kd4 Kxh3 52. f5
exf5 53. Kxd5 f4 54. Ke4 Kg3 {White resigns} 0-1

[Event "Team 45 45 League T54"]
[Site "Internet Chess Club"]
[Date "2012.08.18"]
[Round "1"]
[White "Helaman"]
[Black "Xanther"]
[Result "1/2-1/2"]
[WhiteElo "1628"]
[BlackElo "1565"]
[Opening "English: four knights, kingside fianchetto"]
[ECO "A29"]
[Time "22:04:45"]
[TimeControl "2700+45"]

1. Nf3 Nc6 2. g3 e5 3. c4 Nf6 4. Nc3 Bc5 5. Bg2 d5 6. cxd5 Nxd5 7. O-O O-O 8.
Nxe5 Nxc3 9. bxc3 Nxe5 10. d4 Bd6 11. dxe5 Bxe5 12. Qb3 Qf6 13. Bd2 Bg4 14. Qxb7
Rad8 15. Qe4 Bf5 16. Qe3 Rfe8 17. Rad1 Bc2 18. Rc1 Bg6 19. Rfd1 Bd6 20. Qxa7
Rxe2 21. Be3 Re8 22. Bd4 Qe6 23. Be3 Rxa2 24. Bd5 Rxa7 25. Bxe6 Ra5 26. Bd5 Be4
27. Bxe4 Rxe4 28. c4 {Game drawn by mutual agreement} 1/2-1/2

[Event "Team 45 45 League T54"]
[Site "Internet Chess Club"]
[Date "2012.08.16"]
[Round "1"]
[White "N3QW"]
[Black "CKNIGHT3"]
[Result "0-1"]
[WhiteElo "1432"]
[BlackElo "1533"]
[Opening "Sicilian: Najdorf, Lipnitzky attack"]
[ECO "B86"]
[Time "12:01:09"]
[TimeControl "2700+45"]

1. e4 c5 2. Nf3 d6 3. d4 cxd4 4. Nxd4 Nf6 5. Nc3 a6 6. Bc4 e6 7. Bb3 Qc7 8. O-O
Be7 9. Re1 O-O 10. Be3 Re8 11. f4 Nbd7 12. Bd2 b5 13. a3 Bb7 14. Re2 Rac8 15.
Qe1 Nc5 16. e5 dxe5 17. fxe5 Nfe4 18. Nxe4 Nxe4 19. c3 Qxe5 20. Bc2 f5 21. Bb3
Bc5 22. Be3 Qf6 23. Kh1 Kh8 24. Bg1 e5 25. Nf3 Bxg1 26. Kxg1 Rcd8 27. Bc2 Bd5
28. Re3 Qb6 29. Kh1 Qf6 30. Rd1 Bb7 31. Rxd8 Rxd8 32. Bb1 h6 33. h3 Re8 34. Bc2
Qb6 35. Bb1 Ng3+ 36. Kh2 Nf1+ 37. Qxf1 Qxe3 38. Bxf5 Qf4+ {White resigns} 0-1

[Event "Team 45 45 League T54"]
[Site "Internet Chess Club"]
[Date "2012.08.20"]
[Round "1"]
[White "clarinetref"]
[Black "zepled37"]
[Result "1-0"]
[WhiteElo "1632"]
[BlackElo "1544"]
[Opening "Nimzovich-Larsen attack: classical variation"]
[ECO "A01"]
[Time "20:16:59"]
[TimeControl "2700+45"]

1. b3 d5 2. Bb2 Nf6 3. e3 c5 4. Nf3 Bg4 5. d4 e6 6. Be2 Nc6 7. O-O Rc8 8. Nbd2
Bd6 9. h3 Bh5 10. c4 O-O 11. cxd5 exd5 12. dxc5 Bxc5 13. Rc1 Bb6 14. Ba3 Re8 15.
Bc5 Bc7 16. Nd4 Bg6 17. N2f3 Bb8 18. Ba3 Be4 19. Bb5 Qa5 20. Nxc6 bxc6 21. Ba4
Bxf3 22. Qxf3 Qc7 23. g3 Re6 24. Bb2 Ne4 25. Rfd1 Qe7 26. Qg4 Nf6 27. Bxf6 Qxf6
28. Rxd5 Qb2 29. Rdc5 Qf6 30. Bb5 Qg6 31. Qxg6 Rxg6 32. Bxc6 Rd6 33. Bg2 Rxc5
34. Rxc5 Rd1+ 35. Bf1 Bd6 36. Rc8+ Bf8 37. Kg2 g6 38. Bc4 Rd7 39. a4 Kg7 40. Bb5
Rb7 41. Kf3 Kf6 42. Rxf8 {Black resigns} 1-0

[Event "Team 45 45 League T54"]
[Site "Internet Chess Club"]
[Date "2012.08.18"]
[Round "1"]
[White "GoIrish"]
[Black "ElMarginal"]
[Result "1-0"]
[WhiteElo "1599"]
[BlackElo "1480"]
[Opening "Réti: King's Indian attack (Barcza system)"]
[ECO "A07"]
[Time "20:12:55"]
[TimeControl "2700+45"]

1. Nf3 d5 2. g3 Nc6 3. Bg2 e5 4. d3 Bg4 5. O-O Qd7 6. Nbd2 Bh3 7. e4 Bxg2 8.
Kxg2 O-O-O 9. Qe2 Nd4 10. Nxd4 exd4 11. e5 h5 12. Nf3 f6 13. e6 Qe8 14. Nh4 g5
15. Nf5 Ne7 16. Nxd4 Qg6 17. f4 gxf4 18. Bxf4 Bh6 19. h4 Bxf4 20. Rxf4 Rdg8 21.
Qf2 Rf8 22. Rf1 Rh6 23. Nf5 Nxf5 24. Rxf5 Qg7 25. Rxd5 Rg6 26. Rd7 {Black
resigns} 1-0

[Event "Team 45 45 League T54"]
[Site "Internet Chess Club"]
[Date "2012.08.16"]
[Round "1"]
[White "tryanything"]
[Black "BrerRabbit"]
[Result "1/2-1/2"]
[WhiteElo "1589"]
[BlackElo "1512"]
[Opening "Pirc: Austrian attack, dragon formation"]
[ECO "B09"]
[Time "19:00:44"]
[TimeControl "2700+45"]

1. e4 d6 2. d4 Nf6 3. Nc3 g6 4. f4 Bg7 5. Nf3 c5 6. Be2 cxd4 7. Nxd4 O-O 8. O-O
Nc6 9. Be3 a6 10. Nxc6 bxc6 11. Qd2 Bb7 12. Bf3 Rb8 13. Rad1 Nd7 14. b3 a5 15.
Kh1 Ba6 16. Rf2 f5 17. exf5 Rxf5 18. Bxc6 Qc7 19. Nd5 Qd8 20. g4 Rf7 21. c4 Rc8
22. Ba4 Bb7 23. Kg1 Nf6 24. Nxf6+ Rxf6 25. h3 Qc7 26. Bd4 Rf7 27. Bxg7 Kxg7 28.
Qd4+ Kg8 29. c5 Qxc5 30. Qxc5 Rxc5 31. Bd7 Bc8 32. Bxc8 Rxc8 33. Rd5 Ra8 34. Kg2
Rff8 35. Kg3 Rfb8 36. Rd4 Rc8 37. Rfd2 Kf7 38. Kf3 Rc3+ 39. R4d3 Rac8 40. Ke3
R8c5 41. a3 Rxd3+ 42. Rxd3 Rc1 43. b4 axb4 44. axb4 Rb1 45. Rd4 Rb3+ 46. Kd2
Rxh3 47. Rd3 Rh2+ 48. Kc3 Ra2 49. Kc4 Ke6 50. Rb3 Kd7 51. b5 Kc7 52. b6+ Kb7 53.
Kd5 h5 54. gxh5 gxh5 55. Ke6 Re2+ 56. Kf5 Rg2 57. Ke6 Re2+ 58. Kf5 {Game drawn
by mutual agreement} 1/2-1/2

[Event "Team 45 45 League T54"]
[Site "Internet Chess Club"]
[Date "2012.08.19"]
[Round "1"]
[White "room-matt"]
[Black "ticopatzer"]
[Result "1-0"]
[WhiteElo "1786"]
[BlackElo "1644"]
[Opening "Queen's pawn: Chigorin variation"]
[ECO "D00"]
[Time "14:00:37"]
[TimeControl "2700+45"]

1. d4 d5 2. Nc3 Bf5 3. Nf3 e6 4. e3 Nc6 5. a3 Nf6 6. Bb5 a6 7. Bd3 Bxd3 8. Qxd3
Bd6 9. e4 dxe4 10. Nxe4 Nxe4 11. Qxe4 Qe7 12. Bd2 O-O-O 13. O-O-O h6 14. Bc3
Rhg8 15. Rhe1 g5 16. h3 Qf8 17. d5 exd5 18. Rxd5 Ne7 19. Ra5 Nc6 20. Rd5 Ne7 21.
Rxd6 Rxd6 22. Qxe7 Qxe7 23. Rxe7 f5 24. Ba5 b6 25. Bb4 c5 26. Bc3 Rgd8 27. Nd2
R8d7 28. Re5 f4 29. b4 cxb4 30. Bxb4 Rd5 31. Re6 a5 32. Bc3 R5d6 33. Re4 Rc6 34.
Be5 Rc5 35. Bd4 Rcd5 36. c3 Kb7 37. g3 fxg3 38. fxg3 Kc6 39. Kc2 Rf7 40. Kb3 b5
41. c4 bxc4+ 42. Kxc4 Rfd7 43. Nb3 Rf7 44. Re8 Rf3 45. Rh8 a4 46. Nd2 Rxa3 47.
Rxh6+ Rd6 48. Rxd6+ Kxd6 49. Bc5+ Kc6 50. Bxa3 {Black resigns} 1-0

[Event "Team 45 45 League T54"]
[Site "Internet Chess Club"]
[Date "2012.08.18"]
[Round "1"]
[White "julesraider"]
[Black "mellizas2003"]
[Result "1-0"]
[WhiteElo "1618"]
[BlackElo "1701"]
[Opening "Queen's gambit accepted"]
[ECO "D20"]
[Time "08:05:46"]
[TimeControl "2700+45"]

1. d4 d5 2. c4 dxc4 3. Nc3 Nf6 4. e4 e6 5. Nf3 Nbd7 6. Bxc4 b6 7. O-O Be7 8. Qc2
c5 9. a3 Bb7 10. Rd1 O-O 11. d5 exd5 12. exd5 Bd6 13. Bg5 h6 14. Bxf6 Nxf6 15.
Nb5 a6 16. Nc3 Re8 17. a4 Ng4 18. Re1 Nxh2 19. Rxe8+ Qxe8 20. Nxh2 Qe5 21. Nf3
Qh5 22. Re1 g5 23. Ne4 Qg6 24. Qc3 Bf4 25. Nf6+ Kf8 {Black resigns} 1-0

[Event "Team 45 45 League T54"]
[Site "Internet Chess Club"]
[Date "2012.08.19"]
[Round "1"]
[White "chrisgianno"]
[Black "rayngrant"]
[Result "1-0"]
[WhiteElo "1649"]
[BlackElo "1562"]
[Opening "Trompowsky attack (Ruth, Opocenský opening)"]
[ECO "A45"]
[Time "13:48:20"]
[TimeControl "2700+45"]

1. d4 Nf6 2. Bg5 Ne4 3. Bf4 g5 4. Bc1 h6 5. f3 Nf6 6. e4 d6 7. c4 c6 8. Nc3 Bg7
9. Bd3 e5 10. Nge2 Qb6 11. Be3 Qxb2 12. O-O O-O 13. dxe5 dxe5 14. Bc5 Re8 15.
Rb1 Qxb1 16. Qxb1 Nbd7 17. Ba3 c5 18. Nd5 Nxd5 19. cxd5 b6 20. Bb5 Rf8 21. Bc6
Rb8 22. Nc3 Nf6 23. Bxc5 bxc5 24. Qxb8 Ba6 25. Qxa7 Bxf1 26. Kxf1 Nh5 27. Qxc5
{Black resigns} 1-0

[Event "Team 45 45 League T54"]
[Site "Internet Chess Club"]
[Date "2012.08.19"]
[Round "1"]
[White "BenjaminSisko"]
[Black "obaut"]
[Result "1-0"]
[WhiteElo "1492"]
[BlackElo "1363"]
[Opening "Caro-Kann: exchange variation"]
[ECO "B13"]
[Time "17:02:06"]
[TimeControl "2700+45"]

1. e4 c6 2. d4 d5 3. exd5 cxd5 4. Bd3 Nc6 5. c3 g6 6. Nf3 Bg7 7. Bf4 Nf6 8. Nbd2
Nh5 9. Be3 Qd6 10. h3 O-O 11. g4 Nf6 12. Bg5 Qe6+ 13. Qe2 Qxe2+ 14. Kxe2 Re8 15.
Bf4 Nd7 16. Rhe1 e5 17. dxe5 Ndxe5 18. Nxe5 Nxe5 19. Nf3 Nxg4+ 20. Kf1 Nf6 21.
Be5 Bxh3+ 22. Kg1 Bg4 23. Nd4 Nd7 24. Bxg7 Rxe1+ 25. Rxe1 Kxg7 26. Re7 Kf8 27.
Re3 Re8 28. Rxe8+ Kxe8 29. f3 Bh5 30. Kg2 Ne5 31. Be2 f5 32. Nb5 a6 33. Nc7+ Kd7
34. Nxd5 g5 35. Nf6+ Ke6 36. Nxh5 {Black resigns} 1-0

[Event "Team 45 45 League T54"]
[Site "Internet Chess Club"]
[Date "2012.08.18"]
[Round "1"]
[White "fireball"]
[Black "SymbolicJester"]
[Result "1-0"]
[WhiteElo "1749"]
[BlackElo "1881"]
[Opening "Sicilian defense"]
[ECO "B27"]
[Time "21:05:40"]
[TimeControl "2700+45"]

1. e4 c5 2. Nf3 d5 3. exd5 Qxd5 4. Nc3 Qd8 5. g3 Bg4 6. Bg2 Nc6 7. O-O e6 8. h3
Bh5 9. Qe1 Bd6 10. b3 Nge7 11. g4 Bg6 12. d3 O-O 13. Bg5 Qb8 14. Ne4 Nd5 15.
Nxd6 Qxd6 16. Bh4 f6 17. Bg3 Qd7 18. Nh4 Bf7 19. f4 Ndb4 20. Qd2 Rad8 21. a3 Nd5
22. f5 e5 23. g5 fxg5 24. Qxg5 Rde8 25. f6 Be6 26. fxg7 Qxg7 27. Qxg7+ Kxg7 28.
Rae1 Rxf1+ 29. Kxf1 Kf6 30. Nf3 Bf5 31. Nxe5 Nxe5 32. Bxd5 Bxh3+ 33. Kg1 b6 34.
c3 Bg4 35. Bh4+ Kf5 36. Be4+ Kf4 37. Kg2 h5 38. Rf1+ Ke3 39. Bg5+ Ke2 40. Rf2+
Kd1 41. d4 cxd4 42. Bc2+ Ke1 43. Bd2# {Black checkmated} 1-0

[Event "Team 45 45 League T54"]
[Site "Internet Chess Club"]
[Date "2012.08.17"]
[Round "1"]
[White "amicusUK"]
[Black "Insan996"]
[Result "1-0"]
[WhiteElo "1640"]
[BlackElo "1580"]
[Opening "Queen's pawn game"]
[ECO "D04"]
[Time "17:00:25"]
[TimeControl "2700+45"]

1. d4 d5 2. Nf3 Nf6 3. e3 c6 4. Bd3 Bg4 5. c4 e6 6. Nbd2 Bd6 7. O-O O-O 8. Qb3
Qc7 9. c5 Be7 10. Ne5 Bh5 11. h3 Nbd7 12. f4 Bg6 13. Qc2 Bxd3 14. Qxd3 Ne8 15.
b4 Nxe5 16. fxe5 f6 17. Bb2 b6 18. Nf3 f5 19. Qd2 bxc5 20. bxc5 Qb7 21. a4 Nc7
22. Rfb1 a6 23. Bc3 Qa7 24. Ba5 Rfb8 25. Bb6 Qb7 26. Rb2 Qc8 27. Rab1 Bd8 28.
Qa5 Rb7 29. Ne1 Rab8 30. Nd3 Bg5 31. Qe1 g6 32. h4 Bh6 33. Qg3 Na8 34. Qe1 Nxb6
35. cxb6 a5 36. Nc5 Re7 37. b7 Qd8 38. Na6 Rf7 39. Nxb8 Qxb8 40. g3 Rc7 41. Kf2
c5 42. Qxa5 Bxe3+ 43. Ke2 Rf7 44. Qa8 Rf8 45. Qxb8 Rxb8 46. Kxe3 c4 47. Rb6 Kf7
48. Rc6 Ke7 49. Rc8 {Black resigns} 1-0

[Event "Team 45 45 League T54"]
[Site "Internet Chess Club"]
[Date "2012.08.17"]
[Round "1"]
[White "nidusin2"]
[Black "PaulRichard"]
[Result "1/2-1/2"]
[WhiteElo "1628"]
[BlackElo "1587"]
[Opening "French: Steinitz, Boleslavsky variation"]
[ECO "C11"]
[Time "21:01:12"]
[TimeControl "2700+45"]

1. e4 e6 2. d4 d5 3. Nc3 Nf6 4. e5 Nfd7 5. f4 c5 6. Nf3 Nc6 7. Be3 a6 8. Be2 b5
9. O-O cxd4 10. Nxd4 Nxd4 11. Bxd4 Qc7 12. Kh1 Bc5 13. a3 Qb6 14. Bxc5 Qxc5 15.
Bd3 Bb7 16. Qg4 g6 17. Qg5 Qe7 18. Qxe7+ Kxe7 19. Rae1 Rac8 20. Kg1 Nb6 21. Ne2
Nc4 22. Bxc4 dxc4 23. Nc3 Rhd8 24. Rd1 Rxd1 25. Rxd1 Rd8 26. Rxd8 Kxd8 27. Kf2
{Game drawn by mutual agreement} 1/2-1/2

[Event "Team 45 45 League T54"]
[Site "Internet Chess Club"]
[Date "2012.08.18"]
[Round "1"]
[White "Check101"]
[Black "BotanicalKnight"]
[Result "0-1"]
[WhiteElo "1531"]
[BlackElo "1547"]
[Opening "Petrov: Italian variation"]
[ECO "C42"]
[Time "12:04:52"]
[TimeControl "2700+45"]

1. e4 e5 2. Nf3 Nf6 3. Bc4 Nxe4 4. Nxe5 d5 5. Bb3 Qf6 6. Nf3 c6 7. d3 Nc5 8. Bg5
Qe6+ 9. Be3 Bd6 10. O-O Nxb3 11. axb3 O-O 12. Re1 Qg6 13. Nbd2 Na6 14. Nf1 Bg4
15. Ng3 f5 16. h3 Bxf3 {White resigns} 0-1

[Event "Team 45 45 League T54"]
[Site "Internet Chess Club"]
[Date "2012.08.18"]
[Round "1"]
[White "rookmaster23"]
[Black "bmw2002"]
[Result "1-0"]
[WhiteElo "1661"]
[BlackElo "1559"]
[Opening "King's Indian: orthodox variation"]
[ECO "E94"]
[Time "16:08:34"]
[TimeControl "2700+45"]

1. d4 Nf6 2. c4 g6 3. Nc3 Bg7 4. e4 d6 5. Be2 O-O 6. Nf3 e5 7. O-O a5 8. Re1 Na6
9. Be3 Ng4 10. Bg5 f6 11. Bc1 f5 12. Bg5 Bf6 13. Bxf6 Qxf6 14. Nd5 Qg7 15. h3
fxe4 16. hxg4 exf3 17. Bxf3 Be6 18. dxe5 dxe5 19. Qe2 Rad8 20. Qxe5 Qxe5 21.
Rxe5 Bxd5 22. Bxd5+ Kg7 23. Bxb7 Nb4 24. Re7+ Kh6 25. Rxc7 Rd2 26. Re1 Rdxf2 27.
Re5 {Black resigns} 1-0

[Event "Team 45 45 League T54"]
[Site "Internet Chess Club"]
[Date "2012.08.19"]
[Round "1"]
[White "Mitochondria"]
[Black "sdcohle"]
[Result "1-0"]
[WhiteElo "1511"]
[BlackElo "1408"]
[Opening "QGA: Alekhine defense"]
[ECO "D22"]
[Time "22:00:53"]
[TimeControl "2700+45"]

1. d4 d5 2. c4 dxc4 3. Nf3 a6 4. e3 Nf6 5. Bxc4 b5 6. Bd3 Bb7 7. O-O e6 8. Bd2
Nbd7 9. Re1 c5 10. a4 c4 11. Be2 Ne4 12. b3 Nxd2 13. Qxd2 cxb3 14. axb5 axb5 15.
Rxa8 Bxa8 16. Bxb5 Be7 17. Qb2 O-O 18. Qxb3 Qb6 19. Ba4 Qd6 20. Nbd2 Rb8 21. Qc2
Nb6 22. Bb5 Rc8 23. Qb1 Qc7 24. Bd3 g6 25. Ba6 Rb8 26. Rc1 Qd6 27. Qd3 Nd5 28.
Qf1 Nb4 29. Be2 Kg7 30. Ne5 Bf6 31. Nd3 Nc6 32. Bf3 Ne7 33. Bxa8 Rxa8 34. Ne4
Qd5 35. Nxf6 Kxf6 36. h3 Nf5 37. Nf4 Qe4 38. g3 Kg7 39. Qg2 Qxg2+ 40. Nxg2 Rd8
41. Rc7 Nd6 42. Nf4 Re8 43. Ne2 h5 44. h4 Kf6 45. Nc3 Nf5 46. Kg2 Rd8 47. Ne4+
Kg7 48. Ng5 Re8 49. Rxf7+ Kg8 50. Rf6 Kg7 51. Rxe6 Rxe6 52. Nxe6+ Kf6 53. Nf4
Nd6 54. Kf3 Kf5 55. Nd3 Ke6 56. Kf4 Kf6 57. Nc5 Nf5 58. Kf3 Ke7 59. Ke4 Nd6+ 60.
Kf4 Nf5 61. Kg5 Kf7 62. Nd7 Ne7 63. Ne5+ Ke6 64. Nxg6 Nd5 65. Nf4+ Nxf4 66. Kxf4
Kf6 67. d5 Kf7 68. Kg5 Ke7 69. Kxh5 Kd6 70. e4 Ke5 71. Kg4 Kxe4 72. d6 Ke5 73.
d7 Kf6 74. d8=Q+ Ke6 75. Kg5 Ke5 76. h5 Ke6 77. Kg6 Ke5 78. h6 Ke6 79. h7 Ke5
80. h8=Q+ Ke6 81. Qhf6# {Black checkmated} 1-0

[Event "Team 45 45 League T54"]
[Site "Internet Chess Club"]
[Date "2012.08.17"]
[Round "1"]
[White "smsxman"]
[Black "Ostap-Bender"]
[Result "1-0"]
[WhiteElo "1525"]
[BlackElo "1422"]
[Opening "Sicilian defense"]
[ECO "B44"]
[Time "11:02:31"]
[TimeControl "2700+45"]

1. e4 c5 2. Nf3 e6 3. d4 cxd4 4. Nxd4 Nc6 5. Nxc6 bxc6 6. Nc3 Bb4 7. Bd2 Rb8 8.
Bd3 Nf6 9. O-O O-O 10. a3 Ba5 11. Re1 Bb7 12. Rb1 Qc7 13. g3 e5 14. Bf1 Rfd8 15.
Bg2 Bxc3 16. Bxc3 d5 17. exd5 Re8 18. dxc6 Ba8 19. Qe2 Rb6 20. Ba5 Bxc6 21. Bxc6
Qxc6 22. Bxb6 axb6 23. a4 Qxa4 24. Ra1 Qd4 25. c3 Qc5 26. Qe3 Qb5 27. Qe2 Qd5
28. c4 Qc5 29. b3 Qb4 30. Reb1 Nd7 31. Ra4 Qd6 32. Ra7 Nb8 33. Rba1 Nc6 34. R7a6
Nb4 35. Ra8 Kf8 36. Rxe8+ Kxe8 37. Rd1 Qe6 38. Qe4 f5 39. Qa8+ Kf7 40. Qb7+ Kf6
41. Qc7 Na6 42. Qd8+ Kf7 43. Rd7+ Kg6 44. Rd6 {Black resigns} 1-0